 Dungeon Crawl Stone Soup version 0.30.0-29-ga12c61a403 (webtiles) character file.

Game seed: 4425056395099939352

429 Bnni the Digger (level 7, -1/51 HPs)
             Began as a Formicid Earth Elementalist on June 21, 2023.
             Slain by a gnoll
             ... wielding a +0 spear
             ... led by a gnoll bouda
              (7 damage)
             ... on level 5 of the Dungeon.
             The game lasted 00:06:39 (3518 turns).

Bnni the Digger (Formicid Earth Elementalist)       Turns: 3518, Time: 00:06:39

Health: -1/51      AC:  3    Str: 13    XL:     7   Next: 19%
Magic:  4/11       EV: 12    Int: 16    God:
Gold:   245        SH:  0    Dex: 14    Spells: 6/12 levels left

rFire   . . .        x - +2 quarterstaff (speed)
rCold   . . .        (no shield)
rNeg    . . .        A - +1 robe {Will+}
rPois   .            (helmet unavailable)
rElec   .            (no cloak)
rCorr   .            (no gloves)
SInv    +            (no boots)
Will    +....        (no amulet)
Stlth   ++           (no ring)
HPRegen 0.28/turn    (no ring)
MPRegen 0.12/turn

%: no passive effects
@: weakened, very slightly contaminated
A: permanent stasis, dig shafts and tunnels, antennae 3, four strong arms
a: Dig, Shaft Self


You were on level 5 of the Dungeon.
You visited 1 branch of the dungeon, and saw 5 of its levels.

You collected 245 gold pieces.

Inventory:

Hand Weapons
 e - a +1 whip of electrocution
 x - a +2 quarterstaff of speed (weapon)
Missiles
 j - 11 poisoned darts
Armour
 g - a +0 ring mail
 y - a +0 scale mail
 A - a +1 robe of willpower (worn)
Wands
 u - a wand of flame (13)
Scrolls
 a - a scroll of enchant armour {unknown}
 c - a scroll of silence {unknown}
 d - 2 scrolls of vulnerability {unknown}
 h - 2 scrolls of poison {unknown}
 i - a scroll of fog {unknown}
 l - 2 scrolls of amnesia {unknown}
 q - a scroll of immolation {unknown}
 r - a scroll of butterflies {unknown}
 t - 2 scrolls of blinking {unknown}
 v - 2 scrolls of teleportation {unknown}
 w - a scroll of identify {unknown}
 z - a scroll of noise {unknown}
Potions
 b - 3 potions of magic
 f - a potion of attraction {unknown}
 m - 3 potions of curing {unknown}
 n - 2 potions of haste {unknown}
 o - a potion of heal wounds {unknown}
 p - a potion of mutation {unknown}
 s - a potion of flight {unknown}


   Skills:
 + Level 2.3 Fighting
 + Level 1.7 Armour
 - Level 1.7 Dodging
 - Level 2.4 Stealth
 + Level 3.1 Spellcasting
 * Level 2.8 Conjurations
 + Level 1.4 Summonings
 - Level 3.0 Transmutations
 * Level 5.4 Earth Magic


You had 6 spell levels left.
You knew the following spells:

 Your Spells              Type           Power      Damage    Failure   Level
a - Sandblast             Erth           38%        2d10      1%          1
b - Passwall              Tmut/Erth      12%        N/A       4%          2
c - Stone Arrow           Conj/Erth      30%        3d8       11%         3

Your spell library contained the following spells:

 Spells                   Type           Power      Damage    Failure   Level
 Magic Dart               Conj           44%        1d5       6%          1
 Call Imp                 Summ           14%        N/A       16%         2
 Cigotuvi's Dreadful Rot  Necr/Pois/Air  4%         N/A       28%         2
 Dazzling Flash           Conj/Hex       14%        N/A       30%         3
 Petrify                  Tmut/Erth      15%        N/A       32%         4
 Ignite Poison            Fire/Tmut/Pois 5%         N/A       36%         3
 Mephitic Cloud           Conj/Pois/Air  5%         N/A       36%         3
 Animate Armour           Summ/Erth      26%        N/A       41%         4
 Volatile Blastmotes      Fire/Tloc      4%         2d10      50%         3
 Iskenderun's Mystic Bla  Conj/Tloc      7%         2d4       71%         4
 Freezing Cloud           Conj/Ice/Air   2%         6-21      98%         5
 Starburst                Conj/Fire      3%         6d3       100%        6
 Lehudib's Crystal Spear  Conj/Erth      7%         10d3      100%        8


Dungeon Overview and Level Annotations

Branches:
Dungeon (5/15)
 Temple: D:4-7

Altars:
Fedhas
Qazlal
Wu Jian
Xom

Shops:
D:4 *


Innate Abilities, Weirdness & Mutations

You cannot be hasted, slowed, berserked, paralysed or teleported.
You can dig through walls and to a lower floor.
You have a pair of large antennae on your head. (SInv)
Your four strong arms can wield two-handed weapons with a shield.


Message History

The gnoll hits you from afar with a +0 spear!
The gnoll bouda gazes fiercely through you!
You feel your attacks grow feeble. The gnoll bouda completely misses you.
Unknown command.
Aiming: Sandblast (safe; 1% risk of failure)
Press: ? - help, Q - select action, (/) - cycle Shift-Dir - straight line, f/p - gnoll bouda
Aim: a gnoll bouda, wielding a +0 club and wearing a +0 robe (heavily wounded, 84% to hit)
You miscast Sandblast.
Nothing appears to happen.
The gnoll hits you from afar with a +0 spear.
The gnoll bouda hits you with a +0 club.
Aiming: Sandblast (safe; 1% risk of failure)
Press: ? - help, Q - select action, (/) - cycle Shift-Dir - straight line, f/p - gnoll bouda
Aim: a gnoll bouda, wielding a +0 club and wearing a +0 robe (heavily wounded, 84% to hit)
The blast of sand hits the gnoll bouda!
The gnoll bouda is almost dead.
The gnoll hits you from afar with a +0 spear.
The gnoll bouda hits you with a +0 club!
The gnoll hits you from afar with a +0 spear.
The gnoll bouda closely misses you.
Aiming: Sandblast (safe; 1% risk of failure)
Press: ? - help, Q - select action, (/) - cycle Shift-Dir - straight line, f/p - gnoll bouda
Aim: a gnoll bouda, wielding a +0 club and wearing a +0 robe (almost dead, 84% to hit)
The blast of sand hits the gnoll bouda but does no damage.
The gnoll bouda is almost dead.
The gnoll hits you from afar with a +0 spear!
* * * LOW HITPOINT WARNING * * *
The gnoll bouda gazes fiercely through you!
You feel as though you will be weak longer.
The gnoll bouda hits you but does no damage.
Unknown command.
Aiming: Sandblast (safe; 1% risk of failure)
Press: ? - help, Q - select action, (/) - cycle Shift-Dir - straight line, f/p - gnoll bouda
Aim: a gnoll bouda, wielding a +0 club and wearing a +0 robe (almost dead, 84% to hit)
The blast of sand hits the gnoll bouda.
You kill the gnoll bouda!
The gnoll hits you from afar with a +0 spear.
* * * LOW HITPOINT WARNING * * *
The gnoll hits you from afar with a +0 spear!
You die... #.# #.# ..# #.# #.# #.# #.# #.# .gg

#.# #g# #.#### #g#
#.##<# #)#
#.##.####@#
########.........#
............######
#############


You could see 4 gnolls.

Vanquished Creatures
  Sigmund (D:4)
  A scorpion (D:5)
  A hound (D:5)
  A gnoll bouda (D:5)
  A sleepcap (D:5)
  6 adders
  2 gnolls
  A shadow imp (D:5)
  A white imp (D:5)
  2 worms
  An orc (D:5)
  9 bats
  5 endoplasms
  6 giant cockroaches
  8 goblins
  6 hobgoblins
  3 jackals (D:2)
  2 quokkas (D:4)
  10 ball pythons
  3 frilled lizards (D:1)
  5 rats
75 creatures vanquished.

Notes
Turn   | Place    | Note
-------+----------+-------------------------------------------
     0 | D:1      | Bnni the Formicid Earth Elementalist began the quest for
                  | the Orb.
     0 | D:1      | Reached XP level 1. HP: 13/13 MP: 3/3
   172 | D:1      | Reached XP level 2. HP: 19/19 MP: 5/5
   329 | D:1      | Reached XP level 3. HP: 25/25 MP: 6/6
   339 | D:1      | Reached skill level 1 in Conjurations
   339 | D:1      | Reached skill level 4 in Earth Magic
   922 | D:2      | Reached skill level 1 in Fighting
   928 | D:2      | Learned a level 2 spell: Passwall
   945 | D:2      | Reached XP level 4. HP: 31/32 MP: 3/7
  1186 | D:2      | Learned a level 3 spell: Stone Arrow
  1593 | D:3      | Found a blossoming altar of Fedhas.
  1720 | D:3      | Reached XP level 5. HP: 26/37 MP: 8/8
  2273 | D:3      | Found a shimmering altar of Xom.
  2513 | D:4      | Found an ornate altar of the Wu Jian Council.
  2561 | D:4      | Found a stormy altar of Qazlal.
  2564 | D:4      | Noticed a fire elemental
  2564 | D:4      | Noticed a water elemental
  2564 | D:4      | Noticed an air elemental
  2796 | D:4      | Found Zealliug's Fire Supplies.
  2906 | D:4      | Noticed Sigmund
  2915 | D:4      | Killed Sigmund
  2916 | D:4      | Reached skill level 1 in Armour
  2916 | D:4      | Reached skill level 1 in Summonings
  2916 | D:4      | Reached skill level 5 in Earth Magic
  2916 | D:4      | Reached XP level 6. HP: 21/44 MP: 2/10
  3177 | D:5      | Entered Level 5 of the Dungeon
  3227 | D:5      | Reached XP level 7. HP: 49/50 MP: 5/11
  3518 | D:5      | Slain by a gnoll

Illustrated notes

Levels and vault maps discovered:
D:1:      lightli_arrival_statuegarden, layout_loops_cross
D:2:      layout_loops_ring
D:3:      layout_loops_ring, mainiacjoe_overflow_surrounded_room,
          fedhas_altar_1, minmay_snake_closets
D:4:      layout_loops_ring, nicolae_qazlal_style_of_elements,
          lemuel_tele_altar, corexii_leaking_fountain, nicolae_shop_fire_sale
          [nicolae_sub_dead_trees], kennysheep_generic_room_2, uniq_sigmund
D:5:      layout_basic, kennysheep_mini, tso_altar

Skill      XL: |  1  2  3  4  5  6 |
---------------+-------------------+-----
Conjurations   | 1 2 |  2.8
Earth Magic    | 4 5 |  5.4
Transmutations | 2 3 |  3.0
Fighting       | 1 2 |  2.3
Armour         | 1 |  1.7
Summonings     | 1 |  1.4
Spellcasting   | 3 |  3.1
Dodging        | |  1.7
Stealth        | |  2.4

Action                     |  1- 3 |  4- 6 |  7- 9 || total
---------------------------+-------+-------+-------++-------
  Melee: Whip              |    86 |    90 |       ||   176
         Quarterstaff      |       |     6 |       ||     6
         Punch             |       |     1 |       ||     1
  Throw: Dart              |       |     3 |       ||     3
   Cast: Sandblast         |     6 |    16 |    15 ||    37
   Stab: Sleeping          |     3 |    10 |       ||    13
         Distracted        |       |     1 |       ||     1
 Armour: Robe              |    25 |    12 |     1 ||    38
  Dodge: Dodged            |    59 |    74 |     6 ||   139
